 Dungeon Crawl Stone Soup version 0.31.0-11-ge490571c62 (webtiles) character file.

Game seed: 562901180447592748

88 qw the Shooter (level 4, -2/22 HPs)
             Began as a Spriggan Hunter on Feb 5, 2024.
             Slain by Terence
             ... wielding a +0 flail of protection
              (6 damage)
             ... on level 2 of the Dungeon.
             The game lasted 00:00:29 (1844 turns).

qw the Shooter (Spriggan Hunter)                    Turns: 1844, Time: 00:00:30

Health: -2/22      AC:  2    Str:  7    XL:     4   Next: 29%
Magic:  5/5        EV: 20    Int: 10    God:
Gold:   147        SH:  0    Dex: 20    Spells: 3/3 levels left

rFire   . . .        a - +0 shortbow
rCold   . . .        (shield currently unavailable)
rNeg    . . .        c - +0 robe
rPois   .            (helmet restricted)
rElec   .            (no cloak)
rCorr   .            (gloves unavailable)
SInv    +            (boots unavailable)
Will    .....        (no amulet)
Stlth   ++           (no ring)
HPRegen 0.23/turn    (no ring)
MPRegen 0.09/turn

%: no passive effects
@: about to teleport, very quick
A: very small, no large weapons, unfitting armour, see invisible, speed 3
a: no special abilities


You were on level 2 of the Dungeon.
You visited 1 branch of the dungeon, and saw 2 of its levels.

You collected 147 gold pieces.


Innate Abilities, Weirdness & Mutations

You are very small and have problems with some larger weapons.
You are too small for most types of armour.
You have supernaturally acute eyesight. (SInv)
You cover ground extremely quickly. (Speed+++)


   Skills:
 - Level 1.5 Fighting
 - Level 5.0 Ranged Weapons
 + Level 4.7 Dodging
 - Level 1.5 Stealth


You had 3 spell levels left.
You didn't know any spells.
Your spell library was empty.

Inventory:

Hand Weapons
 a - a +0 shortbow (weapon)
Armour
 c - a +0 robe (worn)
Scrolls
 b - a scroll of fog {unknown}
 d - a scroll of identify {unknown}
 f - a scroll of teleportation

Dungeon Overview and Level Annotations

Branches:
Dungeon (2/15)

Altars:

Annotations:
D:2 Terence


Message History

You see here a jackal corpse.
You see here a jackal corpse.
There is an open door here.
There is an open door here.
Terence the Incautious comes into view.
He is wielding a +0 flail of protection.
You shoot an arrow.
The arrow hits Terence but does no damage.
Terence shouts!
You shoot an arrow.
The arrow hits Terence but does no damage.
You shoot an arrow. The arrow barely misses Terence.
Terence hits you with a +0 flail of protection!
Terence barely misses you.
You shoot an arrow. The arrow hits Terence.
Terence is moderately wounded.
Terence hits you with a +0 flail of protection!
You shoot an arrow. The arrow barely misses Terence.
Terence closely misses you.
You shoot an arrow. The arrow barely misses Terence.
Terence completely misses you.
You shoot an arrow. The arrow barely misses Terence.
Terence misses you.
You shoot an arrow.
The arrow hits Terence but does no damage.
Terence is moderately wounded.
Terence closely misses you.
You shoot an arrow. The arrow barely misses Terence.
Terence hits you with a +0 flail of protection.
1842 ||| READING 2 scrolls of teleportation.
As you read the scroll of teleportation, it crumbles to dust.
You feel strangely unstable. Terence misses you.
You shoot an arrow. The arrow barely misses Terence.
Terence completely misses you. Terence closely misses you.
You shoot an arrow.
The arrow hits Terence but does no damage.
Terence is moderately wounded.
Terence hits you with a +0 flail of protection.
You die...
Terence says, "Rest in peace."

........# #..
#######.## #.. #
#......# #.. #
#.###..# ##..
###.###..# #########
####... .........#
#.......# ##.#....
########.#####
#.#####.###.#.....
#......#
#.#..........###.#
#..###.#
#@#.###.###### #.#
##..###.###@# #.# #.#
#........##.. ..# ##'#
# #........###.. ####
##... ## #..###...#
#.# ##.... .##
#........# .# ##.....
..####...#..#.####.#.
#......
..'..................
+.:.>..
..####>......%####.#..
#......


You could see Terence.

Vanquished Creatures
  An adder (D:1)
  A dart slug (D:2)
  A ribbon worm (D:2)
  7 endoplasms
  2 giant cockroaches (D:2)
  3 goblins
  8 hobgoblins
  11 jackals
  10 kobolds
  A quokka (D:2)
  7 ball pythons
  6 bats
  A frilled lizard (D:2)
  7 rats
66 creatures vanquished.

Notes
Turn   | Place    | Note
-------+----------+-------------------------------------------
     0 | D:1      | qw the Spriggan Hunter began the quest for the Orb.
     0 | D:1      | Reached XP level 1. HP: 10/10 MP: 2/2
     0 | D:1      | 0 ||| qw: Version: 0.3-a-160-g6735b56
     0 | D:1      | 0 ||| qw: Game counter: 6148
     0 | D:1      | 0 ||| qw: Melee chars always use a shield: true
     0 | D:1      | 0 ||| qw: God list: Okawaru
     0 | D:1      | 0 ||| qw: Allow faded altars: false
     0 | D:1      | 0 ||| qw: Do Orc after clearing Dungeon:15 true
     0 | D:1      | 0 ||| qw: Do second Lair branch before Depths: true
     0 | D:1      | 0 ||| qw: Lair rune preference: random
     0 | D:1      | 0 ||| qw: Goals: Normal
     0 | D:1      | 0 ||| PLANNING D:1-11
    49 | D:1      | Reached skill level 3 in Dodging
   112 | D:1      | Reached XP level 2. HP: 14/14 MP: 3/3
   316 | D:1      | Found a faded altar of an unknown god.
   529 | D:1      | Reached XP level 3. HP: 18/18 MP: 4/4
   787 | D:1      | 787 ||| READING scroll labelled ROD NAQOZING.
   788 | D:1      | 788 ||| READING scroll labelled VASEHO MUSCH.
   889 | D:1      | 889 ||| READING 3 scrolls labelled UFIL BUELEAHAI.
   894 | D:1      | 894 ||| DROPPING scroll of butterflies.
   949 | D:2      | 949 ||| STAIRDANCE
   960 | D:1      | HP: 4/18 [poisoned by an adder]
  1201 | D:2      | Reached skill level 5 in Ranged Weapons
  1332 | D:2      | Reached XP level 4. HP: 22/22 MP: 5/5
  1832 | D:2      | Noticed Terence
  1841 | D:2      | HP: 3/22 [Terence/+0 flail of protection (5)]
  1842 | D:2      | 1842 ||| READING 2 scrolls of teleportation.
  1844 | D:2      | Slain by Terence

Levels and vault maps discovered:
D:1:      dpeg_arrival_tiny_a, layout_loops_corners, basic_ecumenical_altar
D:2:      layout_loops_corners, minmay_octomino_e4, uniq_terence

Skill      XL: |  1  2  3 |
---------------+----------+-----
Dodging        | 3 4 |  4.7
Ranged Weapons | 5 |  5.0
Fighting       | |  1.5
Stealth        | |  1.5

Action                     |  1- 3 |  4- 6 || total
---------------------------+-------+-------++-------
   Fire: Shortbow          |   124 |    57 ||   181
    Use: Scroll            |     3 |     1 ||     4
 Armour: Robe              |    11 |    11 ||    22
  Dodge: Dodged            |    43 |    21 ||    64

Table legend:
 A = Non-vault XP
 B = Vault XP
 C = Vault XP percentage of total XP
 D = Non-vault monster count
 E = Vault monster count
 F = Vault count percentage of total count
                 A         B        C        D         E       F
            +---------+---------+-------+---------+---------+-------
      Total |     122 |       4 |   3.2 |      63 |       3 |   4.5
            +---------+---------+-------+---------+---------+-------
        D:1 |      62 |       0 |   0.0 |      30 |       0 |   0.0
        D:2 |      60 |       4 |   6.2 |      33 |       3 |   8.3
            +---------+---------+-------+---------+---------+-------
